 Dungeon Crawl Stone Soup version 0.26.1-11-gd32895ea62 (webtiles) character file.

Game seed: 14197336528911912028

20 buriedalive the Ogre Mage (level 2, -1/24 HPs)
             Began as an Ogre Fire Elementalist on June 4, 2021.
             Slain by an adder (2 damage)
             ... on level 1 of the Dungeon.
             The game lasted 00:02:14 (1227 turns).

buriedalive the Ogre Mage (Ogre Fire Elementalist)  Turns: 1227, Time: 00:02:15

Health: -1/24      AC:  3    Str: 11    XL:     2   Next: 79%
Magic:  1/5        EV: 10    Int: 16    God:
Gold:   37         SH:  5    Dex:  9    Spells: 5/6 levels left

rFire    + . .     SeeInvis .   f - +0 dagger
rCold    . . .     Faith    .   (no shield)
rNeg     + . .     Spirit   .   a - +0 robe
rPois    .         Reflect  +   (helmet restricted)
rElec    .         Harm     .   (no cloak)
rCorr    .         Rampage  .   (gloves unavailable)
Will     .....                  (boots unavailable)
Stlth    +.........             c - amulet of reflection
HPRegen  0.08/turn              g - ring of positive energy
MPRegen  0.09/turn              j - ring of protection from fire

@: no status effects
A: large, unfitting armour, tough skin 1
a: no special abilities


You were on level 1 of the Dungeon.
You visited 1 branch of the dungeon, and saw 2 of its levels.

You collected 37 gold pieces.

Inventory:

Hand Weapons
 b - a +0 short sword
 f - a +0 dagger (weapon)
Armour
 a - a +0 robe (worn)
Jewellery
 c - an amulet of reflection (around neck)
 g - a ring of positive energy (left hand)
 j - a ring of protection from fire (right hand)
Scrolls
 e - a scroll of amnesia {unknown}
 h - a scroll of fog {unknown}
 i - a scroll of enchant weapon {unknown}
 k - a scroll of teleportation {unknown}
Potions
 d - a potion of lignification {unknown}


   Skills:
 + Level 2.2 Dodging
 - Level 1.4 Stealth
 + Level 2.9 Spellcasting
 + Level 1.4 Conjurations
 - Level 2.6 Fire Magic


You had 5 spell levels left.
You knew the following spells:

 Your Spells              Type           Power        Failure   Level
a - Foxfire               Conj/Fire      32%          9%          1

Your spell library contained the following spells:

 Spells                   Type           Power        Failure   Level
 Conjure Flame            Conj/Fire      8%           24%         3
 Inner Flame              Hex/Fire       6%           32%         3
 Sticky Flame             Conj/Fire      8%           63%         4
 Fireball                 Conj/Fire      4%           92%         5


Dungeon Overview and Level Annotations

Branches:
Dungeon (2/15)

Altars:


Innate Abilities, Weirdness & Mutations

You are too large for most types of armour.
You have tough skin. (AC +1)


Message History

You barely miss the hobgoblin.
The hobgoblin is severely wounded.
The hobgoblin completely misses you. The frilled lizard bites you.
The bat hits you but does no damage. You block the adder's attack.
You block the hobgoblin's attack.
The frilled lizard bites you but does no damage.
The adder bites you but does no damage.
You climb upwards.
There is a stone staircase leading down here.
You miss the frilled lizard. The bat barely misses you.
You block the adder's attack. The hobgoblin hits you with a +0 club.
The bat is sucked into a shaft!
The shaft crumbles and collapses.
The frilled lizard bites you.
You hit the frilled lizard.
You kill the frilled lizard!
You block the adder's attack. You block the hobgoblin's attack.
The hobgoblin hits you with a +0 club!
* * * LOW HITPOINT WARNING * * *
The adder bites you.
You die...

######......#..#.#.#.#########
#. # #......##.#.#.#.........#
#. # #......##.#.#.#########.#
#. #########.#.#.###### #.# #.
#...#......# #.# #.
##..######.# #.# #. ####..#
#.#.# #.# #. #...gS# #.#.# ###
#. ##.##@####.#.# #.
#.##......#.# #. #.#######.#.#
#. #.# #.#.# #. #.# #.#.# #.
#.# #.#.# #. #.# #.#.########.
#.# #............
#.#########.#########


You could see an adder and a hobgoblin.

Vanquished Creatures
  A giant cockroach (D:1)
  3 goblins (D:1)
  3 hobgoblins (D:1)
  3 jackals (D:1)
  3 kobolds (D:1)
  A bat (D:2)
  3 frilled lizards
  A rat (D:1)
18 creatures vanquished.

Vanquished Creatures (others)
  25 foxfires
25 creatures vanquished.

Grand Total: 43 creatures vanquished

Notes
Turn   | Place    | Note
-------+----------+-------------------------------------------
     0 | D:1      | buriedalive the Ogre Fire Elementalist began the quest for
                  | the Orb.
     0 | D:1      | Reached XP level 1. HP: 16/16 MP: 3/3
    42 | D:1      | Reached skill level 1 in Conjurations
   225 | D:1      | Reached XP level 2. HP: 24/24 MP: 1/5
  1227 | D:1      | HP: 1/24 [hobgoblin/+0 club (7)]
  1227 | D:1      | Slain by an adder

Illustrated notes

Levels and vault maps discovered:
D:1:      dpeg_arrival_rooms_b, layout_basic, corexii_leaking_fountain,
          minmay_misc_feat_rows, serial_bayou_lagoon_a
D:2:      layout_rooms, nicolae_gozag_seed_capital,
          gammafunk_temple_overflow_pools, lemuel_coloured_pillars_altar

Skill      XL: |  1 |
---------------+----+-----
Conjurations   | 1 |  1.4
Dodging        | 2 |  2.2
Stealth        | |  1.4
Spellcasting   | |  2.9
Fire Magic     | |  2.6

Action                   || total
-------------------------++-------
Melee: Unarmed           ||     7
       Short sword       ||    19
       Dagger            ||    20
 Cast: Foxfire           ||    15
Armor: Robe              ||    21
Dodge: Dodged            ||    47
Block: Other             ||     7
